 Dungeon Crawl Stone Soup version 0.24-a0-536-gdd4cf15266 (webtiles) character file.

Game seed: 1720029700236843533

52 Delarado the Changer (level 3, -2/23 HPs)
             Began as an Octopode Transmuter on Aug 11, 2019.
             Slain by Sigmund
             ... wielding a +1 scythe of freezing
              (8 damage)
             ... on level 2 of the Dungeon.
             The game lasted 00:05:24 (1370 turns).

Delarado the Changer (Octopode Transmuter)          Turns: 1370, Time: 00:05:24

Health: -2/23      AC:  1    Str:  9    XL:     3   Next: 85%
Magic:  2/6        EV: 13    Int: 16    God:
Gold:   35         SH:  0    Dex: 12    Spells: 3/6 levels left

rFire    . . .     SeeInvis .     - Unarmed
rCold    . . .     Gourm    .   (no shield)
rNeg     . . .     Faith    .   (helmet restricted)
rPois    .         Spirit   .   (no amulet)
rElec    +         Reflect  .   (no ring)
rCorr    .         Harm     .   (no ring)
MR       +....                  (no ring)
Stlth    ++........             (no ring)
HPRegen  0.07/turn              (no ring)
MPRegen  0.10/turn              (no ring)
                                (no ring)
                                (no ring)

@: appendage
A: almost no armour, stealthy swim, amphibious, 8 rings, constrict 8, tentacle
spike 3, camouflage 1, magic resistance 1, electricity resistance, gelatinous
body 1
a: End Transformation


You were on level 2 of the Dungeon.
You were very hungry.
One of your tentacles had a temporary spike.
You visited 1 branch of the dungeon, and saw 2 of its levels.

You collected 35 gold pieces.

Inventory:

Missiles
 a - 53 arrows
 b - 44 stones (quivered)
Scrolls
 d - 2 scrolls of remove curse {unknown}
 e - a scroll of identify {unknown}
 g - a scroll of fog {unknown}
Comestibles
 c - 4 rations


   Skills:
 - Level 1.0 Fighting
 - Level 2.0 Dodging
 - Level 3.0 Unarmed Combat
 - Level 2.0 Spellcasting
 + Level 4.0 Transmutations


You had 3 spell levels left.
You knew the following spells:

 Your Spells              Type           Power        Failure   Level  Hunger
a - Beastly Appendage     Tmut           ##....       3%          1    #......
b - Sticks to Snakes      Tmut           ##......     6%          2    ###....

Your spell library contained the following spells:

 Spells                   Type           Power        Failure   Level  Hunger
 Spider Form              Tmut/Pois      #.........   26%         3    ###....
 Ice Form                 Ice/Tmut       #.......     65%         4    #####..
 Blade Hands              Tmut           ##........   71%         5    ######.


Dungeon Overview and Level Annotations

Branches:
Dungeon (1/15)

Altars:

Annotations:
D:2 Sigmund


Innate Abilities, Weirdness & Mutations

You cannot wear most types of armour.
You are very stealthy in the water. (Stealth+)
You are amphibious.
You can wear up to eight rings at the same time.
You can use your tentacles to constrict eight enemies at once.
Your skin changes colour to match your surroundings (Stealth+).
Your rubbery body absorbs attacks. (AC +1, EV +1)
One of your tentacles bears a large vicious spike.
You are resistant to hostile enchantments. (MR+)
You are resistant to electric shocks. (rElec)


Message History

The hobgoblin shouts!
Casting: Sticks to Snakes (safe; 6% risk of failure)
Confirm with . or Enter, or press ? or * to list all spells.
One of your tentacles grows a vicious spike.
Something hits you! Something freezes you.
* * * LOW HITPOINT WARNING * * *
You tentacle-slap something.
Your ball python completely misses the hobgoblin.
Your ball python grabs the hobgoblin.
Your ball python constricts the hobgoblin.
You hear some strange, mumbled words.
A puff of flame appears from out of thin air!
The puff of flame misses you.
The puff of flame hits your ball python!
Your ball python dies!
The hobgoblin hits your ball python with a +0 club.
Your ball python dies!
You tentacle-slap something but do no damage.
Something hits you!
You die...

#. #...# ###.## ##.. #.
#...######....###.## #.
#......).#.#.#.#..## ..
######....###.#.#.......#
.....................#..#
...................#.....
........................#
######.......###........#
#..@###.....#......#
#...# #######.######
#...# #.....# #...#
#.....#### #...#
#......... ##g##
#.....#### #.# #.....#
#...# ####### )......


You could see a hobgoblin.

Vanquished Creatures
  2 adders (D:2)
  A worm (D:2)
  A dart slug (D:2)
  A leopard gecko (D:2)
  A giant cockroach (D:1)
  4 goblins
  2 hobgoblins
  4 jackals (D:2)
  2 bats (D:2)
  A frilled lizard (D:1)
  7 kobolds
  2 rats
28 creatures vanquished.

Notes
Turn   | Place    | Note
-------+----------+-------------------------------------------
     0 | D:1      | Delarado the Octopode Transmuter began the quest for the
                  | Orb.
     0 | D:1      | Reached XP level 1. HP: 13/13 MP: 3/3
   262 | D:1      | Reached XP level 2. HP: 18/18 MP: 3/5
   360 | D:1      | You fall into a shaft and drop 1 floor!
   386 | D:2      | Reached skill level 3 in Transmutations
   398 | D:2      | Reached XP level 3. HP: 15/23 MP: 6/6
   984 | D:2      | Learned a level 2 spell: Sticks to Snakes
  1004 | D:2      | Reached skill level 4 in Transmutations
  1295 | D:2      | Noticed Sigmund
  1321 | D:2      | Gained mutation: You are resistant to hostile enchantments.
                  | (MR+) [potion of mutation]
  1321 | D:2      | Gained mutation: You are resistant to electric shocks.
                  | (rElec) [potion of mutation]
  1370 | D:2      | Slain by Sigmund

Levels and vault maps discovered:
D:1:      lemuel_arrival_cross, layout_basic, minmay_misc_feat_cross
D:2:      layout_loops_cross, uniq_sigmund

Skill      XL: |  1  2  3 |
---------------+----------+-----
Transmutations | 3 4 |  4.0
Fighting       | |  1.0
Dodging        | |  2.0
Unarmed Combat | |  3.0
Spellcasting   | |  2.0

Action                   || total
-------------------------++-------
Melee: Unarmed           ||    66
       Constrict         ||    20
       Kick              ||    16
       Tentacles         ||    11
       Punch             ||     4
Throw: Stone             ||    26
 Cast: Beastly Appendage ||    17
       Sticks to Snakes  ||     6
  Use: Potion            ||     1
  Eat: Chunk             ||     1
Armor: Skin              ||     2
Dodge: Dodged            ||    44

Table legend:
 A = Non-vault XP
 B = Vault XP
 C = Vault XP percentage of total XP
 D = Non-vault monster count
 E = Vault monster count
 F = Vault count percentage of total count
                 A         B        C        D         E       F
            +---------+---------+-------+---------+---------+-------
      Total |      75 |       0 |   0.0 |      28 |       0 |   0.0
            +---------+---------+-------+---------+---------+-------
        D:1 |      15 |       0 |   0.0 |      10 |       0 |   0.0
        D:2 |      60 |       0 |   0.0 |      18 |       0 |   0.0
            +---------+---------+-------+---------+---------+-------
